 Dungeon Crawl Stone Soup version 0.30-a0-879-ga8ba668304 (webtiles) character file.

Game seed: 10378394027643750022

2219 Parcival the Conjurer (level 9, -9/65 HPs)
             Began as a Human Conjurer on Mar 12, 2023.
             Was a Follower of Vehumet.
             Mangled by an orc warrior
             ... wielding a +0 trident
              (10 damage)
             ... on level 8 of the Dungeon.
             The game lasted 00:25:02 (7808 turns).

Parcival the Conjurer (Human Conjurer)              Turns: 7808, Time: 00:25:03

Health: -9/65      AC: 10    Str:  7    XL:     9   Next: 61%
Magic:  0/17       EV: 13    Int: 32    God:    Vehumet [*.....]
Gold:   296        SH:  0    Dex: 12    Spells: 11/19 levels left

rFire   . . .      SeeInvis .    o - +3 short sword (vamp)
rCold   . . .      Faith    .    (no shield)
rNeg    . . .      Spirit   .    a - +0 robe
rPois   .          Reflect  .    x - +1 helmet {Int+3}
rElec   .          Rampage  .    m - +0 cloak
rCorr   .                        s - +0 pair of gloves
Will    .....                    (no boots)
Stlth   +++                      (no amulet)
HPRegen 0.30/turn                b - +6 ring of intelligence
MPRegen 0.15/turn                p - +4 ring of protection

@: brilliant, flying, studying Stealth
A: no striking features
a: Renounce Religion


You were on level 8 of the Dungeon.
You worshipped Vehumet.
Vehumet was aware of your devotion.
You visited 2 branches of the dungeon, and saw 8 of its levels.

You collected 296 gold pieces.

Inventory:

Hand Weapons
 e - a +1 dagger of freezing
 h - a +0 dagger
 o - a +3 vampiric short sword (weapon)
Missiles
 j - a throwing net
Armour
 a - a +0 robe (worn)
 m - a +0 cloak (worn)
 s - a +0 pair of gloves (worn)
 x - a +1 helmet of intelligence (worn)
Jewellery
 b - a +6 ring of intelligence (left hand)
 c - a ring of wizardry
 p - a +4 ring of protection (right hand)
 r - a +6 ring of intelligence
 v - a ring of ice
Wands
 q - a wand of mindburst (6)
 w - a wand of flame (2)
 y - a wand of paralysis (11)
Scrolls
 d - a scroll of vulnerability
 n - a scroll of identify
 t - a scroll of amnesia
Potions
 g - 2 potions of degeneration
 i - a potion of attraction
 l - a potion of flight
 z - a potion of might {unknown}


   Skills:
 + Level 3.7 Fighting
 + Level 3.1 Short Blades
 + Level 4.9 Dodging
 + Level 6.2 Stealth
 + Level 0.5 Unarmed Combat
 + Level 5.9 Spellcasting
 + Level 7.5 Conjurations
 + Level 0.6 Hexes


You had 11 spell levels left.
You knew the following spells:

 Your Spells              Type           Power      Damage    Failure   Level
a - Magic Dart            Conj           100%       1d8       1%          1
b - Searing Ray           Conj           100%       2d8       1%          2
c - Fulminant Prism       Conj/Hex       26%        3d13      9%          4
d - Kiss of Death         Conj/Necr      100%       2d13      1%          1

Your spell library contained the following spells:

 Spells                   Type           Power      Damage    Failure   Level
 Static Discharge         Conj/Air       100%       2-7/arc   1%          2
 Dazzling Flash           Conj/Hex       100%       N/A       2%          3
 Mephitic Cloud           Conj/Pois/Air  38%        N/A       4%          3
 Cigotuvi's Dreadful Rot  Necr/Pois/Air  28%        N/A       7%          2
 Poisonous Vapours        Pois/Air       28%        N/A       7%          2
 Iskenderun's Mystic Bla  Conj/Tloc      50%        2d11      10%         4
 Vhi's Electric Charge    Tloc/Air       28%        N/A       14%         3
 Arcjolt                  Conj/Air       25%        1d35      26%         5
 Lightning Bolt           Conj/Air       25%        1d41      26%         5
 Maxwell's Capacitive Co  Air            7%         ∞         100%        8


Dungeon Overview and Level Annotations

Branches:
Dungeon (8/15)             Temple (1/1) D:4
   Lair: D:8-11

Altars:
Ashenzari
Cheibriados
Dithmenos
Elyvilon
Kikubaaqudgha
Makhleb
Okawaru
Qazlal
Ru
Sif Muna
Trog
Uskayaw
Vehumet
Wu Jian
Xom
Yredelemnul
Zin
The Shining One

Shops:
D:2 *=   D:4 *


Message History

Something tries to affect you, but you resist.
Without enough magic to sustain it, your searing ray dissipates.
Something hits you but does no damage.
Casting: Searing Ray (safe; 1% risk of failure)
Confirm with . or Enter, or press ? or * to list all spells.
You don't have enough magic to cast this spell.
Something hits you.
* * * LOW HITPOINT WARNING * * *
Something hits you but does no damage.
You hear some strange, mumbled words.
A puff of flame appears from out of thin air!
The puff of flame hits you but does no damage.
Casting: Searing Ray (safe; 1% risk of failure)
Confirm with . or Enter, or press ? or * to list all spells.
You don't have enough magic to cast this spell.
It was a potion of brilliance.
You feel clever all of a sudden.
Casting: Searing Ray (safe; 1% risk of failure)
Confirm with . or Enter, or press ? or * to list all spells.
Aiming: Searing Ray (safe; 1% risk of failure)
Press: ? - help, Shift-Dir - straight line, f - orc
Aim: an orc, wielding a +0 hand axe and wearing a +0 chain mail (87% to hit)
You feel a surge of power!
The searing ray hits something!
Vehumet accepts your kill.
Reactivating autopickup.
You feel a bit more experienced.
The searing ray hits the orc.
The orc is heavily wounded. (Press . to maintain the ray.) Without enough magic to sustain it, your searing ray dissipates.
The orc warrior closely misses you.
You hit the orc but do no damage.
The orc is moderately wounded.
The orc hits you but does no damage.
The orc warrior hits you from afar with a +0 trident!
* * * LOW HITPOINT WARNING * * *
The orc warrior hits you from afar with a +0 trident!
* * * LOW HITPOINT WARNING * * *
The orc attacks as you move away! The orc barely misses you.
The orc warrior hits you from afar with a +0 trident!
You die...

#######..
##.#.....
##)...#
#.#@o...###.#
#....)......#
#####o#.#####
#)#.# #.#
#.#.#####. #.#
# ##'#.......
#.# . ##...##
#.# #.##...<.##
##.#
.###.#.......##
##..###


You could see an orc warrior and an orc.

Vanquished Creatures
  Pikel (D:8)
  A hornet (D:8)
  A human (D:5)
  2 steam dragons (D:8)
  Eustachio (D:4)
  Menkaure (D:6)
  A centaur (D:5)
  A lemure (D:8)
  A phantom (D:6)
  3 wights (D:8)
  2 hounds
  4 orc priests
  A sleepcap (D:4)
  An iguana (D:5)
  An iron imp (D:3)
  3 orc wizards (D:8)
  Terence (D:3)
  5 adders
  11 gnolls
  A shadow imp (D:6)
  A white imp (D:5)
  An ufetubus (D:6)
  2 worms
  2 dart slugs (D:1)
  12 orcs
  5 ball pythons
  8 endoplasms
  2 giant cockroaches
  4 goblins
  5 hobgoblins
  4 quokkas
  3 bats
  3 frilled lizards
  A goblin zombie (D:5)
  2 jackal skeletons (D:5)
  5 kobolds
  4 rats
107 creatures vanquished.

Vanquished Creatures (others)
  2 fulminant prisms (D:8)
2 creatures vanquished.

Grand Total: 109 creatures vanquished

Notes
Turn   | Place    | Note
-------+----------+-------------------------------------------
     0 | D:1      | Parcival the Human Conjurer began the quest for the Orb.
     0 | D:1      | Reached XP level 1. HP: 13/13 MP: 3/3
   454 | D:1      | Reached XP level 2. HP: 19/19 MP: 3/5
   721 | D:1      | Reached XP level 3. HP: 24/24 MP: 4/6
   964 | D:1      | Learned a level 2 spell: Searing Ray
  1311 | D:2      | Found Xoati's General Store.
  1491 | D:2      | Found Meekeasto's Jewellery Boutique.
  2098 | D:2      | Reached XP level 4. HP: 31/31 MP: 2/7
  2498 | D:3      | Reached skill level 5 in Conjurations
  2542 | D:3      | Found a snail-covered altar of Cheibriados.
  2765 | D:3      | Reached XP level 5. HP: 36/36 MP: 4/8
  3060 | D:3      | Noticed Terence
  3076 | D:3      | Killed Terence
  3423 | D:4      | Learned a level 4 spell: Fulminant Prism
  3520 | D:4      | Reached skill level 1 in Fighting
  3528 | D:4      | Reached XP level 6. HP: 43/43 MP: 2/10
  3682 | D:4      | Noticed Eustachio
  3694 | D:4      | Killed Eustachio
  3988 | D:4      | Reached XP level 7. HP: 22/48 MP: 7/12
  4132 | D:4      | Found a staircase to the Ecumenical Temple.
  4161 | Temple   | Entered the Ecumenical Temple
  4581 | Temple   | Became a worshipper of Vehumet
  4908 | D:4      | Found a burning altar of Makhleb.
  5107 | D:4      | Found Petius's General Store.
  5219 | D:4      | Reached skill level 1 in Short Blades
  5673 | D:5      | Entered Level 5 of the Dungeon
  5730 | D:5      | Found a shimmering altar of Xom.
  5742 | D:5      | Reached skill level 6 in Conjurations
  5878 | D:5      | Found a runed translucent door.
  5879 | D:5      | Noticed a human
  5880 | D:5      | Found a basalt altar of Yredelemnul.
  6153 | D:5      | Found a stormy altar of Qazlal.
  6194 | D:5      | Found a glowing golden altar of the Shining One.
  6598 | D:5      | Killed a human
  6599 | D:5      | Reached XP level 8. HP: 37/56 MP: 5/14
  6916 | D:6      | Noticed Menkaure
  6945 | D:6      | Killed Menkaure
  7141 | D:6      | You fall into a shaft and drop 2 floors!
  7165 | D:8      | Noticed Pikel
  7177 | D:8      | Killed Pikel
  7178 | D:8      | Reached skill level 5 in Stealth
  7178 | D:8      | Reached skill level 5 in Spellcasting
  7178 | D:8      | Reached XP level 9. HP: 29/63 MP: 5/16
  7379 | D:8      | Noticed a hornet
  7385 | D:8      | Paralysed by a hornet for 3 turns
  7390 | D:8      | Paralysed by a hornet for 1 turns
  7394 | D:8      | Killed a hornet
  7395 | D:8      | Reached skill level 7 in Conjurations
  7502 | D:8      | Reached * piety under Vehumet
  7502 | D:8      | Offered knowledge of Kiss of Death by Vehumet.
  7506 | D:8      | Learned a level 1 spell: Kiss of Death
  7807 | D:8      | HP: 1/65 [orc warrior/+0 trident (7)]
  7808 | D:8      | Mangled by an orc warrior

Illustrated notes

Levels and vault maps discovered:
D:1:      dpeg_arrival_houses_and_road, layout_basic, dk_noncrumbling_4,
          st_stairs_1
D:2:      layout_loops_corners, serial_shops, shop, nicolae_shop_trees,
          minmay_liquid_box
D:3:      layout_basic, slow_altar_1, uniq_terence
D:4:      layout_loops_corners, lemuel_doored_altar,
          minmay_temple_entry_antechambers, serial_shops, kennysheep_little_box,
          chequers_serial_rivers_micro_d, hangedman_decor_lopped,
          kennysheep_potato, uniq_eustachio
D:5:      lemuel_ice_spiral_2, layout_rooms, nicolae_tso_carved_into_rock,
          dk_yredelemnul_ordeal, mainiacjoe_overflow_catwalk_spiral,
          grunt_decor_mini_mirrors
D:6:      layout_loops_ring, mainiacjoe_overflow_boulevard, uniq_menkaure
D:8:      layout_loops_corners, kennysheep_mini, minmay_lair_entry_lava,
          uniq_pikel
Temple:   minmay_temple_forest_path

Skill      XL: |  1  2  3  4  5  6  7  8  9 |
---------------+----------------------------+-----
Conjurations   | 5 6 7 |  7.5
Spellcasting   | 3 4 5 |  5.9
Fighting       | 1 2 3 |  3.7
Dodging        | 3 4 |  4.9
Short Blades   | 1 2 3 |  3.1
Stealth        | 3 5 6 |  6.2
Unarmed Combat | |  0.5
Hexes          | |  0.6

Action                     |  1- 3 |  4- 6 |  7- 9 || total
---------------------------+-------+-------+-------++-------
  Melee: Unarmed           |     8 |       |       ||     8
         Dagger            |    13 |    41 |       ||    54
         Short sword       |       |     4 |    25 ||    29
   Cast: Magic Dart        |    29 |       |       ||    29
         Searing Ray       |    18 |    30 |    56 ||   104
         Fulminant Prism   |       |       |     2 ||     2
    Use: Scroll            |     4 |     6 |     8 ||    18
         Potion            |       |     4 |     8 ||    12
 Armour: Robe              |     7 |    17 |    37 ||    61
  Dodge: Dodged            |    14 |    50 |    72 ||   136

Table legend: (Time is in decaauts)
 A = Elapsed time spent in this place.
 B = Non-inter-level travel time spent in this place.
 C = Inter-level travel time spent in this place.
 D = Time resting spent in this place.
 E = Time spent auto-exploring this place.
 F = Levels seen in this place.
 G = Mean time per level.
                   A        B        C        D        E       F      G
               +--------+--------+--------+--------+--------+-----+--------+
         Total |   7800 |   7012 |    788 |     23 |   6003 |   8 |  975.0 |
       Dungeon |   7121 |   6628 |    493 |     23 |   5637 |   7 | 1017.3 |
        Temple |    678 |    383 |    295 |      0 |    366 |   1 |  678.0 |
               +--------+--------+--------+--------+--------+-----+--------+

Top non-repeatable levels by time:
     D:4: 1578 daAuts
     D:2: 1457 daAuts
     D:5: 1139 daAuts
     D:3: 990 daAuts
     D:1: 964 daAuts
  Temple: 678 daAuts
     D:8: 664 daAuts
     D:6: 327 daAuts
